Workbook

Sheet Deckblatt
A1: 20.1.A
H3: Aktualisierte Anlage 1 zur Vorlage 20/022/2016
A11: Gesamtänderungsliste
A12: der Verwaltung
A14: zum Haushaltsplanentwurf 2016
D16: Stand: | E16: 42430
D17: ohne Berücksichtigung der noch zu beschließenden Anträge/Änderungen

Sheet Gesamtzusammenstellung
A1: Zusammenstellung 2016 - 2019 | E1: Stand: 25.2.2016
B3: Veränderung 2016 | E3: Veränderung 2017 | H3: Veränderung 2018 | K3: Veränderung 2019
B4: bisher | C4: Änderung | D4: neu | E4: bisher | F4: Änderung | G4: neu | H4: bisher | I4: Änderung | J4: neu | K4: bisher | L4: Änderung | M4: neu
B5: € | C5: € | D5: € | E5: € | F5: € | G5: € | H5: € | I5: € | J5: € | K5: € | L5: € | M5: €
A6: Gesamt-ergebnisplan:
A7: Erträge gesamt | B7: =90568740+1171282 -> 91740022 | C7: =Erträge!F34 -> -1141715 | D7: =B7+C7 -> 90598307 | E7: =93298169+1111802 -> 94409971 | F7: =Erträge!I34 -> -453 | G7: =E7+F7 -> 94409518 | H7: =95581022+1078302 -> 96659324 | I7: =Erträge!L34 -> -32510 | J7: =H7+I7 -> 96626814 | K7: =99337427+1077601 -> 100415028 | L7: =Erträge!O34 -> -57779 | M7: =K7+L7 -> 100357249
A8: Aufwendungen gesamt | B8: =96869834+1453950 -> 98323784 | C8: =Aufwendungen!F76 -> -725710 | D8: =B8+C8 -> 97598074 | E8: =95676771+1788770 -> 97465541 | F8: =Aufwendungen!I76 -> 130064 | G8: =E8+F8 -> 97595605 | H8: =97833860+1917280 -> 99751140 | I8: =Aufwendungen!L76 -> 81834 | J8: =H8+I8 -> 99832974 | K8: =100118304+2263150 -> 102381454 | L8: =Aufwendungen!O76 -> 775 | M8: =K8+L8 -> 102382229
A9: Jahres- ergebnis | B9: =B7-B8 -> -6583762 | C9: =C7-C8 -> -416005 | D9: =D7-D8 -> -6999767 | E9: =E7-E8 -> -3055570 | F9: =F7-F8 -> -130517 | G9: =G7-G8 -> -3186087 | H9: =H7-H8 -> -3091816 | I9: =I7-I8 -> -114344 | ... M9: =M7-M8 -> -2024980
A11: Gesamt- finanzplan:
A12: Einzahlungen lfd. Verwaltungstätigkeit | B12: 89007888 | C12: =C7 -> -1141715 | D12: =B12+C12 -> 87866173 | E12: 91857162 | F12: =F7 -> -453 | G12: =E12+F12 -> 91856709 | H12: 94005756 | I12: =I7 -> -32510 | J12: =H12+I12 -> 93973246 | K12: 97688667 | L12: =L7 -> -57779 | M12: =K12+L12 -> 97630888
A13: Auszahlungen lfd. Verwaltungstätigkeit | B13: 92397203 | C13: =C8 -> -725710 | D13: =B13+C13 -> 91671493 | E13: 91083940 | F13: =F8 -> 130064 | G13: =E13+F13 -> 91214004 | H13: 92971258 | I13: =I8 -> 81834 | J13: =H13+I13 -> 93053092 | K13: 95172417 | L13: =L8 -> 775 | M13: =K13+L13 -> 95173192
A14: Saldo lfd. Verwaltungstätigkeit | B14: =B12-B13 -> -3389315 | C14: =C12-C13 -> -416005 | D14: =D12-D13 -> -3805320 | E14: =E12-E13 -> 773222 | F14: =F12-F13 -> -130517 | G14: =G12-G13 -> 642705 | H14: =H12-H13 -> 1034498 | I14: =I12-I13 -> -114344 | ... M14: =M12-M13 -> 2457696
A16: Einzahlungen lfd. Investitionstätigkeit | B16: 2819961 | C16: =Investitionstätigkeit!F12 -> 63000 | D16: =B16+C16 -> 2882961 | E16: 2596900 | F16: =Investitionstätigkeit!I12 -> 0 | G16: =E16+F16 -> 2596900 | H16: 2889400 | I16: =Investitionstätigkeit!L12 -> 0 | J16: =H16+I16 -> 2889400 | K16: 4435400 | L16: =Investitionstätigkeit!O12 -> 0 | M16: =K16+L16 -> 4435400
A17: Auszahlungen lfd. Investitionstätigkeit | B17: 9142758 | C17: =Investitionstätigkeit!F49 -> 543100 | D17: =B17+C17 -> 9685858 | E17: 19653756 | F17: =Investitionstätigkeit!I49 -> 0 | G17: =E17+F17 -> 19653756 | H17: 11608658 | I17: =Investitionstätigkeit!L49 -> 0 | J17: =H17+I17 -> 11608658 | K17: 17285658 | L17: =Investitionstätigkeit!O49 -> 0 | M17: =K17+L17 -> 17285658
A18: Saldo lfd. Investitionstätigkeit | B18: =B16-B17 -> -6322797 | C18: =C16-C17 -> -480100 | D18: =D16-D17 -> -6802897 | E18: =E16-E17 -> -17056856 | F18: =F16-F17 -> 0 | G18: =G16-G17 -> -17056856 | H18: =H16-H17 -> -8719258 | I18: =I16-I17 -> 0 | ... M18: =M16-M17 -> -12850258
A20: Einzahlungen lfd. Finanzierungstätigkeit | B20: 6320000 | C20: =Finanzierungstätigkeit!F13 -> 300000 | D20: =B20+C20 -> 6620000 | E20: 17050000 | F20: =Finanzierungstätigkeit!I13 -> 0 | G20: =E20+F20 -> 17050000 | H20: 8700000 | I20: =Finanzierungstätigkeit!L13 -> 0 | J20: =H20+I20 -> 8700000 | K20: 12850000 | L20: =Finanzierungstätigkeit!O13 -> 0 | M20: =K20+L20 -> 12850000
A21: Auszahlungen lfd. Finanzierungstätigkeit | B21: 2131887 | C21: 0 | D21: =B21+C21 -> 2131887 | E21: 2491258 | F21: 0 | G21: =E21+F21 -> 2491258 | H21: 2849063 | I21: 0 | J21: 0 | K21: 3204873 | L21: 0 | M21: =K21+L21 -> 3204873
A22: Saldo lfd. Finanzie- rungstätigkeit | B22: =B20-B21 -> 4188113 | C22: =C20-C21 -> 300000 | D22: =D20-D21 -> 4488113 | E22: =E20-E21 -> 14558742 | F22: =F20-F21 -> 0 | G22: =G20-G21 -> 14558742 | H22: =H20-H21 -> 5850937 | I22: =I20-I21 -> 0 | ... M22: =M20-M21 -> 9645127
A24: Änderung liquider Mittel | B24: =B14+B18+B22 -> -5523999 | C24: =C14+C18+C22 -> -596105 | D24: =D14+D18+D22 -> -6120104 | E24: =E14+E18+E22 -> -1724892 | F24: =F14+F18+F22 -> -130517 | G24: =G14+G18+G22 -> -1855409 | H24: =H14+H18+H22 -> -1833823 | I24: =I14+I18+I22 -> -114344 | ... M24: =M14+M18+M22 -> -747435

Sheet Erträge
A1: =Gesamtzusammenstellung!A1 -> Zusammenstellung 2016 - 2019 | E1: Veränderung Erträge
A3: Produkt | B3: Zeile | C3: Konto | D3: Bezeichnung | E3: =Gesamtzusammenstellung!B3 -> Veränderung 2016 | H3: =Gesamtzusammenstellung!E3 -> Veränderung 2017 | K3: =Gesamtzusammenstellung!H3 -> Veränderung 2018 | N3: =Gesamtzusammenstellung!K3 -> Veränderung 2019 | Q3: Anmerkung
E4: bisher | F4: Änderung | G4: neu | H4: bisher | I4: Änderung | J4: neu | K4: bisher | L4: Änderung | M4: neu | N4: bisher | O4: Änderung | P4: neu
E5: € | F5: € | G5: € | H5: € | I5: € | J5: € | K5: € | L5: € | M5: € | N5: € | O5: € | P5: €
A6: 050200 | D6: Hilfen nach AsylbLG | Q6: Die NUK wurde am 3.2.2016 aufgegeben, entsprechend reduziert sich die Erstattung des Landes für das an die Bewohner ausgezahlte Taschengeld.
B7: 6 | D7: Kostenerstattung | E7: 3260000 | F7: =SUM(F8:F10) -> -68400 | G7: =SUM(E7:F7) -> 3191600 | H7: 5408000 | I7: =SUM(I8:I10) -> 2400 | J7: =SUM(H7:I7) -> 5410400
C8: 448190 | D8: Landeserstattung NUK | E8: 100000 | F8: -80000 | G8: =SUM(E8:F8) -> 20000 | H8: 0 | I8: 0 | J8: =SUM(H8:I8) -> 0
C9: 448000 | D9: Bundeserstattung | E9: 0 | F9: 4800 | G9: =SUM(E9:F9) -> 4800 | H9: 0 | I9: 2400 | J9: =SUM(H9:I9) -> 2400 | Q9: Bundeserstattung für 2 Mitarbeiter im Bundesfreiwilligendienst
C10: 448200 | D10: Erstattung Gemeinden, Gem.-verbände | E10: 0 | F10: 6800 | G10: =SUM(E10:F10) -> 6800 | H10: 0 | I10: 0 | J10: =SUM(H10:I10) -> 0 | Q10: Sprachkurse für umF im Rahmen der Schupflicht werden vom LVR zu 100% erstattet
A11: 060110 | D11: Förderung von Kindern in Kita | Q11: Veränderungen aus der Kindertagesstättenbedarfsplanung 2016/17 lt. Vorlage 51/105/2016 Beratung JHA am 18.2.2016
B12: 2 | D12: Zuwendungen | E12: 5020007 | F12: 6104 | G12: =SUM(E12:F12) -> 5026111 | H12: 5075827 | I12: 14767 | J12: =SUM(H12:I12) -> 5090594 | K12: 5185827 | L12: 14275 | M12: =SUM(K12:L12) -> 5200102 | N12: 5238827 | O12: -11014 | P12: =SUM(N12:O12) -> 5227813
C13: 414100 | D13: Landeszuweisung | E13: 4724180 | F13: 6104 | G13: =SUM(E13:F13) -> 4730284 | H13: 4780000 | I13: 14767 | J13: =SUM(H13:I13) -> 4794767 | K13: 4890000 | L13: 14275 | M13: =SUM(K13:L13) -> 4904275 | N13: 4943000 | O13: -11014 | P13: =SUM(N13:O13) -> 4931986
A14: 060120 | D14: Kita Alleestr.
B15: 2 | D15: Zuwendungen | E15: 132650 | F15: 650 | G15: =SUM(E15:F15) -> 133300 | J15: =SUM(H15:I15) -> 0 | M15: =SUM(K15:L15) -> 0 | P15: =SUM(N15:O15) -> 0
C16: 414100 | D16: Landeszuweisung | E16: 115215 | F16: 650 | G16: =SUM(E16:F16) -> 115865 | J16: =SUM(H16:I16) -> 0 | M16: =SUM(K16:L16) -> 0 | P16: =SUM(N16:O16) -> 0
A17: 060125 | D17: Kita Bollenberg
B18: 2 | D18: Zuwendungen | G18: =SUM(E18:F18) -> 0 | H18: 326610 | I18: 980 | J18: =SUM(H18:I18) -> 327590 | K18: 329310 | L18: 990 | M18: =SUM(K18:L18) -> 330300 | N18: 332100 | O18: 1010 | P18: =SUM(N18:O18) -> 333110
C19: 414100 | D19: Landeszuweisung | G19: =SUM(E19:F19) -> 0 | H19: 281500 | I19: 980 | J19: =SUM(H19:I19) -> 282480 | K19: 284200 | L19: 990 | M19: =SUM(K19:L19) -> 285190 | N19: 287000 | O19: 1010 | P19: =SUM(N19:O19) -> 288010
A20: 100400 | D20: Städt. Unterkünfte | Q20: Die Nutzungsgebühren für die Unterkünfte mussten neu kalkuliert werden.Vorlage 51/101/2015/1. Beratung im SIA am 17.2.2016
B21: 4 | D21: öff.-rechtl. Leistungsentgelte | E21: 3063375 | F21: -276939 | G21: =SUM(E21:F21) -> 2786436 | H21: 3267600 | I21: -295400 | J21: =SUM(H21:I21) -> 2972200 | K21: 3296775 | L21: -324575 | M21: =SUM(K21:L21) -> 2972200 | N21: 3296775 | O21: -324575 | P21: =SUM(N21:O21) -> 2972200
C22: 432110 | D22: Nutzungsgebühren | E22: 3063375 | F22: -276939 | G22: =SUM(E22:F22) -> 2786436 | H22: 3267600 | I22: -295400 | J22: =SUM(H22:I22) -> 2972200 | K22: 3296775 | L22: -324575 | M22: =SUM(K22:L22) -> 2972200 | N22: 3296775 | O22: -324575 | P22: =SUM(N22:O22) -> 2972200
B23: 6 | D23: Kostenerstattung | E23: 2035180 | F23: -1365130 | G23: =SUM(E23:F23) -> 670050 | Q23: Die NUK wurde am 3.2.2016 aufgegeben, entsprechend reduziert sich die Erstattung des Landes für den Betrieb der NUK
C24: 448190 | D24: Erstattung NUK | E24: 2035180 | F24: -1365130 | G24: =SUM(E24:F24) -> 670050
A25: 150400 | D25: Beteiligungen | Q25: Die Abschlagszahlungen aus der Konzessionsabgabe wurden vom RWE um mtl. 2.000 € reduziert.
B26: 7 | D26: sonstige Erträge | E26: 1533300 | F26: -24000 | G26: =SUM(E26:F26) -> 1509300
C27: 451101 | D27: Konzessionsabgabe Strom | E27: 1175000 | F27: -24000 | G27: =SUM(E27:F27) -> 1151000
A28: 050200 | D28: Hilfen nach AsylbLG | Q28: Erlass MIK vom 11.2.2016 nach der Meldung der Städte differiert die Zahl der Flüchtlinge zum 1.1.2016 um rd. 10% von den bisherigen Prognosewerten. Das MIK akzeptiert daher auch eine um 10% gesteigerte Pauschalerstattung nach FlüAG anzunehmen, wenn auf der Aufwandsseite eine entsprechend hohe Zahl von Flüchtlinge berücksichtigt wird.
B29: 6 | D29: Kostenerstattung | E29: 3260000 | F29: =SUM(F30:F30) -> 316000 | G29: =SUM(E29:F29) -> 3576000 | H29: 5408000 | I29: 6800 | J29: =SUM(H29:I29) -> 5414800 | K29: 5410000 | L29: 6800 | M29: =SUM(K29:L29) -> 5416800 | N29: 5410000 | O29: 6800 | P29: =SUM(N29:O29) -> 5416800
C30: 448100 | D30: Kostenerstattung Land | E30: 3160000 | F30: 316000 | G30: =SUM(E30:F30) -> 3476000 | J30: =SUM(H30:I30) -> 0 | M30: =SUM(K30:L30) -> 0 | P30: =SUM(N30:O30) -> 0
A31: 060110 | D31: Förderung von Kindern in Kita | Q31: Finanzielle Auswirkungen der Neufassung Kita/OGS-Satzung hängen von der beschlossenen Variante ab Vorlage 51/104/2016 siehe TOP 1 HFA 1.3.2016
B32: 4 | D32: öff.-rechtl. Leistungsentgelte | E32: 1030000 | F32: 270000 | G32: =SUM(E32:F32) -> 1300000 | H32: 1030000 | I32: 270000 | J32: =SUM(H32:I32) -> 1300000 | K32: 1030000 | L32: 270000 | M32: =SUM(K32:L32) -> 1300000 | N32: 1030000 | O32: 270000 | P32: =SUM(N32:O32) -> 1300000
C33: 432113 | D33: Elternbeiträge | E33: 1030000 | F33: 270000 | G33: =SUM(E33:F33) -> 1300000 | H33: 1030000 | I33: 270000 | J33: =SUM(H33:I33) -> 1300000 | K33: 1030000 | L33: 270000 | M33: =SUM(K33:L33) -> 1300000 | N33: 1030000 | O33: 270000 | P33: =SUM(N33:O33) -> 1300000
A34: Summe Erträge | E34: =E7+E12+E15+E18+E21+E23+E26+E29+E32 -> 19334512 | F34: =F7+F12+F15+F18+F21+F23+F26+F29+F32 -> -1141715 | G34: =G7+G12+G15+G18+G21+G23+G26+G29+G32 -> 18192797 | H34: =H7+H12+H15+H18+H21+H23+H26+H29+H32 -> 20516037 | I34: =I7+I12+I15+I18+I21+I23+I26+I29+I32 -> -453 | J34: =J7+J12+J15+J18+J21+J23+J26+J29+J32 -> 20515584 | K34: =K7+K12+K15+K18+K21+K23+K26+K29+K32 -> 15251912 | L34: =L7+L12+L15+L18+L21+L23+L26+L29+L32 -> -32510 | ... P34: =P7+P12+P15+P18+P21+P23+P26+P29+P32 -> 15249923

Sheet Aufwendungen
A1: =Gesamtzusammenstellung!A1 -> Zusammenstellung 2016 - 2019 | E1: Veränderung Aufwendungen
A3: Produkt | B3: Zeile | C3: Konto | D3: Bezeichnung | E3: =Gesamtzusammenstellung!B3 -> Veränderung 2016 | H3: =Gesamtzusammenstellung!E3 -> Veränderung 2017 | K3: =Gesamtzusammenstellung!H3 -> Veränderung 2018 | N3: =Gesamtzusammenstellung!K3 -> Veränderung 2019 | Q3: Anmerkung
E4: bisher | F4: Änderung | G4: neu | H4: bisher | I4: Änderung | J4: neu | K4: bisher | L4: Änderung | M4: neu | N4: bisher | O4: Änderung | P4: neu
E5: € | F5: € | G5: € | H5: € | I5: € | J5: € | K5: € | L5: € | M5: € | N5: € | O5: € | P5: €
A6: diverse | Q6: Die Unfallkasse NRW hat die aktuellen Beiträge für die Unfallversicherung mitgeteilt
B7: 16 | D7: sonst. Aufwendungen | E7: 297166 | F7: 50857 | G7: =SUM(E7:F7) -> 348023 | H7: 297916 | I7: 50719 | J7: =SUM(H7:I7) -> 348635 | K7: 297916 | L7: 50719 | M7: =SUM(K7:L7) -> 348635 | N7: 292916 | O7: 50719 | P7: =SUM(N7:O7) -> 343635
C8: 544110 | D8: Unfallversicherung | E8: 297166 | F8: 50857 | G8: =SUM(E8:F8) -> 348023 | H8: 297916 | I8: 50719 | J8: =SUM(H8:I8) -> 348635 | K8: 297916 | L8: 50719 | M8: =SUM(K8:L8) -> 348635 | N8: 292916 | O8: 50719 | P8: =SUM(N8:O8) -> 343635
A9: 010930 | D9: Steuern und Abgaben | Q9: Die Rechnung für den Druck der Jahresbescheide liegt vor. Der Druck wurde erstmals fremd vergeben.
B10: 13 | D10: Sach- und Dienstleistung | E10: 3000 | F10: 800 | G10: =SUM(E10:F10) -> 3800
C11: 529190 | D11: sonst. Dienstleistung | E11: 3000 | F11: 800 | G11: =SUM(E11:F11) -> 3800
A12: 030110 | D12: GGS Bollenberg | Q12: Fortsetzung Sprachförderkurs für ausländische Kinder 1/2 Jahr vor Einschulung.
B13: 13 | D13: Sach- und Dienstleistung | E13: 778815 | F13: 2000 | G13: =SUM(E13:F13) -> 780815 | H13: 202302 | I13: 2000 | J13: =SUM(H13:I13) -> 204302 | K13: 205701 | L13: 2000 | M13: =SUM(K13:L13) -> 207701 | N13: 303202 | O13: 2000 | P13: =SUM(N13:O13) -> 305202
C14: 529190 | D14: sonst. Dienstleistung | E14: 0 | F14: 2000 | G14: =SUM(E14:F14) -> 2000 | H14: 0 | I14: 2000 | J14: =SUM(H14:I14) -> 2000 | K14: 0 | L14: 2000 | M14: =SUM(K14:L14) -> 2000 | N14: 0 | O14: 2000 | P14: =SUM(N14:O14) -> 2000
A15: 040200 | D15: Musikschule | Q15: Zuschüsse an den Musikschul e.V. werden entsprechend dem Ratsbeschluss zum Haushalt 2015 fortgeschrieben.
B16: 15 | D16: Transferaufwendungen | E16: 130800 | F16: 0 | G16: =SUM(E16:F16) -> 130800 | H16: 0 | I16: 130800 | J16: =SUM(H16:I16) -> 130800 | K16: 0 | L16: 130800 | M16: =SUM(K16:L16) -> 130800 | N16: 0 | O16: 130800 | P16: =SUM(N16:O16) -> 130800
C17: 531890 | D17: Zuschüsse an Vereine | E17: 130800 | F17: 0 | G17: =SUM(E17:F17) -> 130800 | H17: 0 | I17: 130800 | J17: =SUM(H17:I17) -> 130800 | K17: 0 | L17: 130800 | M17: =SUM(K17:L17) -> 130800 | N17: 0 | O17: 130800 | P17: =SUM(N17:O17) -> 130800
A18: 050200 | D18: Hilfen nach AsylbLG | Q18: Schaffung von zwei Einsatzstellen im Bundesfreiwilligendienst zur Unterstützung im Bereich Flüchtlinge. Werden vom Bund bezuschusst
B19: 11 | D19: Personalaufwand | E19: 120553 | F19: 8000 | G19: =SUM(E19:F19) -> 128553 | H19: 122928 | I19: 4000 | J19: =SUM(H19:I19) -> 126928
C20: 501940 | D20: Vergütung Zivi, Bufti | E20: 0 | F20: 8000 | G20: =SUM(E20:F20) -> 8000 | H20: 0 | I20: 4000 | J20: =SUM(H20:I20) -> 4000
A21: 050200 | D21: Hilfen nach AsylbLG | Q21: Die Fortsetzung des Deutschkurses für Flüchtlinge wird nach Mitteilung der VHS bis Ende des Jahres rd. 15.100 € kosten zusätzlich: Übersetzung "Welcome-Guide" ins Arabische (800 €), Sprachkurse für umF im Rahmen der Schulpflicht (100% durch LVR finanziert 6.800 €)
B22: 13 | D22: Sach- und Dienstleistung | E22: 10000 | F22: =5100+800+6800 -> 12700 | G22: =SUM(E22:F22) -> 22700
C23: 529190 | D23: sonst. Dienstleistung | E23: 10000 | F23: =5100+800+6800 -> 12700 | G23: =SUM(E23:F23) -> 22700
A24: 050200 | D24: Hilfen nach AsylbLG | Q24: Die Nutzungsgebühren für die Unterkünfte mussten neu kalkuliert werden.Vorlage 51/101/2015/1. Beratung im SIA am 17.2.2016
B25: 15 | D25: Transferaufwendungen | E25: 6416875 | F25: =SUM(F26:F28) -> -356939 | G25: =SUM(E25:F25) -> 6059936 | H25: 6828800 | I25: =SUM(I26:I28) -> -295400 | J25: =SUM(H25:I25) -> 6533400 | K25: 6952025 | L25: =SUM(L26:L28) -> -295400 | M25: =SUM(K25:L25) -> 6656625 | N25: 7022075 | O25: =SUM(O26:O28) -> -295400 | P25: =SUM(N25:O25) -> 6726675
C26: 533924 | D26: Unterkunftskosten | E26: 2982975 | F26: -261145 | G26: =SUM(E26:F26) -> 2721830 | H26: 3099675 | I26: -266387 | J26: =SUM(H26:I26) -> 2833288 | K26: 3099675 | L26: -266387 | M26: =SUM(K26:L26) -> 2833288 | N26: 3099675 | O26: -266387 | P26: =SUM(N26:O26) -> 2833288
C27: 533925 | D27: Unterkunftskosten | E27: 233400 | F27: -15794 | G27: =SUM(E27:F27) -> 217606 | H27: 320925 | I27: -29013 | J27: =SUM(H27:I27) -> 291912 | K27: 320925 | L27: -29013 | M27: =SUM(K27:L27) -> 291912 | N27: 320925 | O27: -29013 | P27: =SUM(N27:O27) -> 291912
C28: 533950 | D28: Taschengelder etc. NUK | E28: 100000 | F28: -80000 | G28: =SUM(E28:F28) -> 20000 | Q28: Die NUK wurde am 3.2.2016 aufgegeben, entsprechend reduziert sich das an die Bewohner ausgezahlte Taschengeld
A29: 060110 | D29: Förderung von Kindern in Kita | Q29: Veränderungen aus der Kindertagesstättenbedarfsplanung 2016/17 lt. Vorlage 51/105/2016 Beratung JHA am 18.2.2016
B30: 15 | D30: Transferaufwendungen | E30: 10205180 | F30: 17640 | G30: =SUM(E30:F30) -> 10222820 | H30: 10255000 | I30: 43170 | J30: =SUM(H30:I30) -> 10298170 | K30: 10638000 | L30: 45011 | M30: =SUM(K30:L30) -> 10683011 | N30: 10793000 | O30: -19500 | P30: =SUM(N30:O30) -> 10773500
C31: 531811 | D31: Zuweisungen und Zuschüsse | E31: 9043180 | F31: 17640 | G31: =SUM(E31:F31) -> 9060820 | H31: 9259000 | I31: 43170 | J31: =SUM(H31:I31) -> 9302170 | K31: 9564000 | L31: 45011 | M31: =SUM(K31:L31) -> 9609011 | N31: 9712000 | O31: -19500 | P31: =SUM(N31:O31) -> 9692500
A32: 100400 | D32: Städt. Unterkünfte | Q32: Die neue Sicherheitslage und Belegungs-größe, insbesondere der Standorte Düsselberger Str. und Kaiser Str. erfordern den Einsatz von Sicherheitskräften ab dem 1.3.2016 bzw. eine unmittelbare Nacht-bestreifung des Standortes Bachstr.
B33: 13 | D33: Sach- und Dienstleistung | E33: 4168030 | F33: =SUM(F34:F36) -> -933050 | G33: =SUM(E33:F33) -> 3234980 | H33: 2109720 | I33: =SUM(I34:I36) -> 121690 | J33: =SUM(H33:I33) -> 2231410 | K33: 2219820 | L33: =SUM(L34:L36) -> 106990 | M33: =SUM(K33:L33) -> 2326810 | N33: 2273780 | O33: =SUM(O34:O36) -> 91990 | P33: =SUM(N33:O33) -> 2365770
C34: 529190 | D34: sonst. Dienstleistung | E34: 900000 | F34: 292080 | G34: =SUM(E34:F34) -> 1192080 | H34: 733500 | I34: 121690 | J34: =SUM(H34:I34) -> 855190 | K34: 748200 | L34: 106990 | M34: =SUM(K34:L34) -> 855190 | N34: 763200 | O34: 91990 | P34: =SUM(N34:O34) -> 855190
C35: 529198 | D35: Betriebsaufw. NUK Amt 51 | E35: 1514800 | F35: -1000000 | G35: =SUM(E35:F35) -> 514800 | Q35: Die NUK wurde am 3.2.2016 aufgegeben, entsprechend reduzieren sich die Aufwendungen für den Betrieb der NUK
C36: 529199 | D36: Betriebsaufw. NUK Amt 65 | E36: 340130 | F36: -225130 | G36: =SUM(E36:F36) -> 115000
A37: 100400 | D37: Städt. Unterkünfte | Q37: Aufgrund von weiteren Brandschutzvorgaben erhöhen sich die Kosten, Haus Rheinland
B38: 16 | D38: sonstige Aufwendungen | E38: 202510 | F38: 600000 | G38: =SUM(E38:F38) -> 802510
C39: 542212 | D39: Unterhaltung Mietobjekte | E39: 70000 | F39: 600000 | G39: =SUM(E39:F39) -> 670000
A40: 010200 | D40: Verwaltungsführung | Q40: Endabrechnung der Website für Flüchtlinge liegt vor.
B41: 13 | D41: Sach- und Dienstleistung | E41: 13872 | F41: 3338 | G41: =SUM(E41:F41) -> 17210
C42: 529190 | D42: sonst. Dienstleistung | E42: 572 | F42: 3338 | G42: =SUM(E42:F42) -> 3910
A43: 011300 | D43: Gebäudemanagement | Q43: Die Verwaltung beabsichtigt das Gebäudemanagement vor dem Hintergrund der anstehenden Aufgaben und der in der Vergangenheit bereits erfolgten Aufgabenzuwächse mit zwei zusätzlichen Stellen auszustatten. Die räumliche Situation erfordert zudem die Bereitstellung zusätzlichen Büroraumes. Vorlage 65/017/2016
B44: 11 | D44: Personalaufwand | E44: 1530736 | F44: 93000 | G44: =SUM(E44:F44) -> 1623736 | H44: 1492543 | I44: 126500 | J44: =SUM(H44:I44) -> 1619043 | K44: 1425907 | L44: 129000 | M44: =SUM(K44:L44) -> 1554907 | N44: 1453628 | O44: 131500 | P44: =SUM(N44:O44) -> 1585128
C45: 50 | D45: diverse | E45: 1530736 | F45: 93000 | G45: =SUM(E45:F45) -> 1623736 | H45: 1492543 | I45: 126500 | J45: =SUM(H45:I45) -> 1619043 | K45: 1425907 | L45: 129000 | M45: =SUM(K45:L45) -> 1554907 | N45: 1453628 | O45: 131500 | P45: =SUM(N45:O45) -> 1585128
B46: 16 | D46: sonst. Aufwendungen | E46: 41000 | F46: 20000 | G46: =SUM(E46:F46) -> 61000 | H46: 6640 | I46: 30000 | J46: =SUM(H46:I46) -> 36640 | K46: 6780 | M46: =SUM(K46:L46) -> 6780 | N46: 6920 | P46: =SUM(N46:O46) -> 6920
C47: 542210 | D47: Mieten | E47: 0 | F47: 20000 | G47: =SUM(E47:F47) -> 20000 | H47: 0 | I47: 30000 | J47: =SUM(H47:I47) -> 30000 | K47: 0 | M47: =SUM(K47:L47) -> 0 | P47: =SUM(N47:O47) -> 0
A48: 030140 | D48: GGS Unterhaan | Q48: Lt. Ratsbeschluss soll die Trägerschaft für die OGS Unterhaan ausgeschreiben werden. Damit entfällt eine städtische Trägerschaft ab dem 1.8.2016. Entsprechend sind dann Zuschüsse an den neuen Träger zu zahlen. Da das Ausschreibungsergebnis nicht bekannt ist, erfolgt zunächst nur eine Veranschlagung in Höhe der an den bisherigen Träger geleisteten Zuwendungen. Zusätzlich ist in 2016 die externe Ausschreibungsbegleitung erforderlich. Die im Stellenplan ausgewiesenen Stellen sind entsprechend zu streichen.
B49: 11 | D49: Personalaufwendungen | E49: 500720 | F49: -436141 | G49: =SUM(E49:F49) -> 64579 | H49: 500925 | I49: -443515 | J49: =SUM(H49:I49) -> 57410 | K49: 500709 | L49: -452386 | M49: =SUM(K49:L49) -> 48323 | N49: 510723 | O49: -461434 | P49: =SUM(N49:O49) -> 49289
C50: 50 | D50: diverse | E50: 500720 | F50: -436141 | G50: =SUM(E50:F50) -> 64579 | H50: 500925 | I50: -443515 | J50: =SUM(H50:I50) -> 57410 | K50: 500709 | L50: -452386 | M50: =SUM(K50:L50) -> 48323 | N50: 510723 | O50: -461434 | P50: =SUM(N50:O50) -> 49289
B51: 13 | D51: Sach- und Dienstleistung | E51: 210997 | F51: 5000 | G51: =SUM(E51:F51) -> 215997
C52: 529190 | D52: sonst. Dienstleistung | E52: 0 | F52: 5000 | G52: =SUM(E52:F52) -> 5000
B53: 15 | D53: Transferaufwendungen | E53: 209368 | F53: 140000 | G53: =SUM(E53:F53) -> 349368 | H53: 4208 | I53: 350000 | J53: =SUM(H53:I53) -> 354208 | K53: 4208 | L53: 355000 | M53: =SUM(K53:L53) -> 359208 | N53: 4208 | O53: 360000 | P53: =SUM(N53:O53) -> 364208
C54: 531811 | D54: Zuschüsse für lfd. Zwecke | E54: 209368 | F54: 140000 | G54: =SUM(E54:F54) -> 349368 | H54: 4208 | I54: 350000 | J54: =SUM(H54:I54) -> 354208 | K54: 4208 | L54: 355000 | M54: =SUM(K54:L54) -> 359208 | N54: 4208 | O54: 360000 | P54: =SUM(N54:O54) -> 364208
A55: 050110 | D55: Förderung der allg. Wohlfahrtspflege | Q55: Einstimmiger Beschluss SIA 17.2.2016 Der SKFM beantragt den Zuschuss an die Kleiderkammer um 6.500 € jährlich anzuheben, da zusätzliche Räumlichkeiten neu angemietet werden mussten.
B56: 15 | D56: Transferaufwendungen | E56: 378154 | F56: 6500 | G56: =SUM(E56:F56) -> 384654 | H56: 378408 | I56: 6500 | J56: =SUM(H56:I56) -> 384908 | K56: 378645 | L56: 6500 | M56: =SUM(K56:L56) -> 385145 | N56: 378645 | O56: 6500 | P56: =SUM(N56:O56) -> 385145
C57: 531890 | D57: Zuschüsse an Vereine | E57: 378154 | F57: 6500 | G57: =SUM(E57:F57) -> 384654 | H57: 378408 | I57: 6500 | J57: =SUM(H57:I57) -> 384908 | K57: 378645 | L57: 6500 | M57: =SUM(K57:L57) -> 385145 | N57: 378645 | O57: 6500 | P57: =SUM(N57:O57) -> 385145
A58: 060110 | D58: Förderung von Kindern in Kita | Q58: (siehe auch Antrag SPD) einstimmiger Beschluss JHA 18.02.2016 mit Sperrvermerk Prüfung von KiTa Erweiterungsmöglichkeiten
B59: 13 | D59: Sach- und Dienstleistung | E59: 9120 | F59: 15000 | G59: =SUM(E59:F59) -> 24120
C60: 529190 | D60: sonst. Dienstleistung | E60: 9000 | F60: 15000 | G60: =SUM(E60:F60) -> 24000
A61: 060210 | D61: Kinder- und Jugendarbeit a.E. | Q61: (siehe auch Antrag GAL) einstimmiger Beschluss JHA 18.2.2016 Aufwendungen für Honorarkräfte wurden bis 2015 als Personalkosten eingeplant. Nach Rücksprache mit dem RPA sind sie aber als sonstige Dienst- und Sachleistung anzusetzen. Bei der Umsetzung dieser Anweisung wurden zwar die Personalaufwendungen gekürzt, aber kein entsprechender Ansatz bei den Sach- und Dienstleistungen erfasst.
B62: 13 | D62: Sach- und Dienstleistungen | E62: 4850 | F62: 3600 | G62: =SUM(E62:F62) -> 8450 | H62: 4850 | I62: 3600 | J62: =SUM(H62:I62) -> 8450 | K62: 4850 | L62: 3600 | M62: =SUM(K62:L62) -> 8450 | N62: 4850 | O62: 3600 | P62: =SUM(N62:O62) -> 8450
C63: 529180 | D63: Honorare | E63: 4850 | F63: 3600 | G63: =SUM(E63:F63) -> 8450 | H63: 4850 | I63: 3600 | J63: =SUM(H63:I63) -> 8450 | K63: 4850 | L63: 3600 | M63: =SUM(K63:L63) -> 8450 | N63: 4850 | O63: 3600 | P63: =SUM(N63:O63) -> 8450
A64: 080300 | D64: Hallenbad | Q64: Die Verwaltung schlägt vor, für die Begutachtung der steuerlichen Optimierung der Beteiligung einen externen Gutachter zu beauftragen. Vorlage BM 005/2016 Nach Beratung und einstimmigem Beschluss im HFA am 23.2.2016 in Änderungsliste aufgenommen
B65: 16 | D65: sonst. Aufwendungen | E65: 46700 | F65: -40000 | G65: =SUM(E65:F65) -> 6700
C66: 543105 | D66: Sachverständigenkosten | E66: 40000 | F66: -40000 | G66: =SUM(E66:F66) -> 0
A67: 150400 | D67: Beteiligungen
B68: 16 | D68: sonst. Aufwendungen | E68: 182400 | F68: 60000 | G68: =SUM(E68:F68) -> 242400
C69: 543105 | D69: Sachverständigenkosten | E69: 0 | F69: 60000 | G69: =SUM(E69:F69) -> 60000
A70: 020110 | D70: Verwaltungsführung | Q70: Anteilige Kosten für die Konzepterstellung (Auftrag Kreis ME) für die Rattenbekämpfung
B71: 13 | D71: Sach- und Dienstleistung | E71: 37960 | F71: 785 | G71: =SUM(E71:F71) -> 38745
C72: 523200 | D72: Erstattung Gem. GV | E72: 1300 | F72: 785 | G72: =SUM(E72:F72) -> 2085
A73: 120120 | D73: Instandhaltung von Verkehrsflächen und -anlagen | Q73: Anhebung der Abschlagszahlungen für die Lichtsignalanlagen.
B74: 13 | D74: Sach- und Dienstleistung | E74: 705900 | F74: 1200 | G74: =SUM(E74:F74) -> 707100
C75: 524151 | D75: Strom Lichtsignalanlagen | E75: 6500 | F75: 1200 | G75: =SUM(E75:F75) -> 7700
A76: Summe Aufwendungen | E76: =E7+E10+E13+E16+E19+E22+E25+E30+E33+E38+E41+E44+E46+E49+E51+E53+E56+E59+E62+E65+E68+E71+E74 -> 26204706 | F76: =F7+F10+F13+F16+F19+F22+F25+F30+F33+F38+F41+F44+F46+F49+F51+F53+F56+F59+F62+F65+F68+F71+F74 -> -725710 | G76: =G7+G10+G13+G16+G19+G22+G25+G30+G33+G38+G41+G44+G46+G49+G51+G53+G56+G59+G62+G65+G68+G71+G74 -> 25478996 | H76: =H7+H10+H13+H16+H19+H22+H25+H30+H33+H38+H41+H44+H46+H49+H51+H53+H56+H59+H62+H65+H68+H71+H74 -> 22204240 | I76: =I7+I10+I13+I16+I19+I22+I25+I30+I33+I38+I41+I44+I46+I49+I51+I53+I56+I59+I62+I65+I68+I71+I74 -> 130064 | J76: =J7+J10+J13+J16+J19+J22+J25+J30+J33+J38+J41+J44+J46+J49+J51+J53+J56+J59+J62+J65+J68+J71+J74 -> 22334304 | K76: =K7+K10+K13+K16+K19+K22+K25+K30+K33+K38+K41+K44+K46+K49+K51+K53+K56+K59+K62+K65+K68+K71+K74 -> 22634561 | L76: =L7+L10+L13+L16+L19+L22+L25+L30+L33+L38+L41+L44+L46+L49+L51+L53+L56+L59+L62+L65+L68+L71+L74 -> 81834 | ... P76: =P7+P10+P13+P16+P19+P22+P25+P30+P33+P38+P41+P44+P46+P49+P51+P53+P56+P59+P62+P65+P68+P71+P74 -> 23044722

Sheet Investitionstätigkeit
A1: =Gesamtzusammenstellung!A1 -> Zusammenstellung 2016 - 2019 | E1: Veränderung Investitionstätigkeit
A3: Produkt | B3: Zeile | C3: Konto | D3: Bezeichnung | E3: =Gesamtzusammenstellung!B3 -> Veränderung 2016 | H3: =Gesamtzusammenstellung!E3 -> Veränderung 2017 | K3: =Gesamtzusammenstellung!H3 -> Veränderung 2018 | N3: =Gesamtzusammenstellung!K3 -> Veränderung 2019 | Q3: Anmerkung
E4: bisher | F4: Änderung | G4: neu | H4: bisher | I4: Änderung | J4: neu | K4: bisher | L4: Änderung | M4: neu | N4: bisher | O4: Änderung | P4: neu
E5: € | F5: € | G5: € | H5: € | I5: € | J5: € | K5: € | L5: € | M5: € | N5: € | O5: € | P5: €
A6: 060110 | D6: Förderung von Kindern in Kita | Q6: Das Land gewährt einen Investitionskostenzuschuss für die Einrichtung Hochdahler Str.
B7: 1 | D7: Zuwendungen für Investitionen | E7: 0 | F7: 63000 | G7: =SUM(E7:F7) -> 63000
C8: 681100 | D8: inv. Landeszuweisung | E8: 0 | F8: 63000 | G8: =SUM(E8:F8) -> 63000
A12: Summe Einzahlungen Investitionstätigkeit | E12: =E7 -> 0 | F12: =F7 -> 63000 | G12: =G7 -> 63000
A14: =A1 -> Zusammenstellung 2016 - 2019
A16: Produkt | B16: Zeile | C16: Konto | D16: Bezeichnung | E16: =E3 -> Veränderung 2016 | H16: =H3 -> Veränderung 2017 | K16: =K3 -> Veränderung 2018 | N16: =N3 -> Veränderung 2019 | Q16: Anmerkung
E17: bisher | F17: Änderung | G17: neu | H17: bisher | I17: Änderung | J17: neu | K17: bisher | L17: Änderung | M17: neu | N17: bisher | O17: Änderung | P17: neu
E18: € | F18: € | G18: € | H18: € | I18: € | J18: € | K18: € | L18: € | M18: € | N18: € | O18: € | P18: €
A19: 020110 | D19: Allg. Ordnungsangelegenheiten | Q19: Anschaffung von drei Funkgeräten für die neu geschaffenen Ordnungspartnerschaften (Einsatz Karneval)
B20: 9 | D20: Erw. bew. Anlagevermögen | E20: 0 | F20: 1100 | G20: =SUM(E20:F20) -> 1100 | J20: =SUM(H20:I20) -> 0 | M20: =SUM(K20:L20) -> 0 | P20: =SUM(N20:O20) -> 0
C21: 783130 | D21: BGA > 410 € | E21: 0 | F21: 1100 | G21: =SUM(E21:F21) -> 1100 | J21: =SUM(H21:I21) -> 0 | M21: =SUM(K21:L21) -> 0 | P21: =SUM(N21:O21) -> 0
A22: 020410 | D22: Abwehrender Brandschutz | Q22: Durch die Personalaufstockung sind auch zusätzliche Spinde und Schreibtische erforderlich.
B23: 9 | D23: Erw. bew. Anlagevermögen | E23: 474600 | F23: 5000 | G23: =SUM(E23:F23) -> 479600 | J23: =SUM(H23:I23) -> 0 | M23: =SUM(K23:L23) -> 0 | P23: =SUM(N23:O23) -> 0
C24: 783130 | D24: BGA > 410 € | E24: 94600 | F24: 5000 | G24: =SUM(E24:F24) -> 99600 | J24: =SUM(H24:I24) -> 0 | M24: =SUM(K24:L24) -> 0 | P24: =SUM(N24:O24) -> 0
A25: 060110 | D25: Förderung von Kindern in Kita | Q25: Weiterleitung des vom Land gewährten Investitionskostenzuschusses für die Einrichtung Hochdahler Str.
B26: 11 | D26: aktivierbare Zuwendungen | E26: 100000 | F26: 63000 | G26: =SUM(E26:F26) -> 163000
C27: 781800 | D27: Investitionszuweisung | E27: 0 | F27: 63000 | G27: =SUM(E27:F27) -> 63000
A28: 100400 | D28: Städt. Unterkünfte | Q28: Reduzierung entsprechend tatsächlichem Kaufpreis
B29: 7 | D29: Erw. Grdst. und Gebäude | E29: 708000 | F29: -8000 | G29: =SUM(E29:F29) -> 700000 | J29: =SUM(H29:I29) -> 0 | M29: =SUM(K29:L29) -> 0 | P29: =SUM(N29:O29) -> 0
C30: 782110 | D30: Erw. von Grundstücken | E30: 708000 | F30: -8000 | G30: =SUM(E30:F30) -> 700000 | J30: =SUM(H30:I30) -> 0 | M30: =SUM(K30:L30) -> 0 | P30: =SUM(N30:O30) -> 0
A31: 100400 | D31: Städt. Unterkünfte | Q31: Aufgrund von zusätzlichen Unterbringungskapazitäten und weiteren Brandschutzvorgaben erhöhen sich die Kosten (Düsselberger Str.)
B32: 8 | D32: Baumaßnahmen | E32: 1170000 | F32: 300000 | G32: =SUM(E32:F32) -> 1470000 | J32: =SUM(H32:I32) -> 0 | M32: =SUM(K32:L32) -> 0 | P32: =SUM(N32:O32) -> 0
C33: 785100 | D33: Hochbaumaßnahmen | E33: 1170000 | F33: 300000 | G33: =SUM(E33:F33) -> 1470000 | J33: =SUM(H33:I33) -> 0 | M33: =SUM(K33:L33) -> 0 | P33: =SUM(N33:O33) -> 0
A34: 011000 | D34: Technikunterstützte Informationsverarbeitung | Q34: Für den Einstieg in die "eVergabe", ist der Submissionsraum in der Bauverwaltung mit einem Laptop auszurüsten.
B35: 9 | D35: Erw. bew. Anlagevermögen | E35: 65000 | F35: 1000 | G35: =SUM(E35:F35) -> 66000 | M35: =SUM(K35:L35) -> 0 | P35: =SUM(N35:O35) -> 0
C36: 783130 | D36: BGA > 410 € | E36: 65000 | F36: 1000 | G36: =SUM(E36:F36) -> 66000 | M36: =SUM(K36:L36) -> 0 | P36: =SUM(N36:O36) -> 0
A37: 011400 | D37: Baubetriebshof | Q37: Anschaffung von Winterdienstgeräten / Fahrzeugkomponenten Betriebshof (4 Einachsschlepper für Schneeräumung Schulen 18.000 €, Telematic - Winterdienstnavigationssystem35.000 €, Bremsprüfstand 6.000 € und Auffahrrampe 6.000 €)
B38: 9 | D38: Erw. bew. Anlagevermögen | E38: 141000 | F38: 65000 | G38: =SUM(E38:F38) -> 206000 | M38: =SUM(K38:L38) -> 0 | P38: =SUM(N38:O38) -> 0
C39: 783130 | D39: BGA > 410 € | E39: 141000 | F39: =6000+6000+18000+35000 -> 65000 | G39: =SUM(E39:F39) -> 206000 | M39: =SUM(K39:L39) -> 0 | P39: =SUM(N39:O39) -> 0
A40: 060110 | D40: Förderung von Kindern in Kita | Q40: Restzahlung Baumaßnahme KiTa Breidenhofer Str. nach Endabrechnung
B41: 11 | D41: aktivierbare Zuwendungen | E41: 100000 | F41: 64000 | G41: =SUM(E41:F41) -> 164000
C42: 781800 | D42: Investitionszuweisung | E42: 0 | F42: 64000 | G42: =SUM(E42:F42) -> 64000
A43: 120110 | D43: Bau- und Verwaltung von Verkehrsflächen und -anlagen | Q43: Vorlage 66/028/2016, einstimmiger Beschluss SUVA 16.2.2016 Straßenausbau Dieker Str.
B44: 8 | D44: Baumaßnahmen | E44: 362500 | F44: 50000 | G44: =SUM(E44:F44) -> 412500 | M44: =SUM(K44:L44) -> 0 | P44: =SUM(N44:O44) -> 0
C45: 785200 | D45: Tiefbaumaßnahmen | E45: 362500 | F45: 50000 | G45: =SUM(E45:F45) -> 412500 | M45: =SUM(K45:L45) -> 0 | P45: =SUM(N45:O45) -> 0
A46: 120110 | D46: Bau- und Verwaltung von Verkehrsflächen und -anlagen | Q46: Vorlage 61/096/2016, einstimmiger Beschluss SUVA 16.2.2016 Antrag der WLH Fraktion Aufstellung 5 Fahrradbügel
B47: 9 | D47: Erw. bew. Anlagevermögen | E47: 0 | F47: 2000 | G47: =SUM(E47:F47) -> 2000 | J47: =SUM(H47:I47) -> 0 | M47: =SUM(K47:L47) -> 0 | P47: =SUM(N47:O47) -> 0
C48: 783130 | D48: BGA > 410 € | E48: 0 | F48: 2000 | G48: =SUM(E48:F48) -> 2000 | J48: =SUM(H48:I48) -> 0 | M48: =SUM(K48:L48) -> 0 | P48: =SUM(N48:O48) -> 0
A49: Summe Auszahlungen Investitionstätigkeit | E49: =E20+E23+E26+E29+E32+E35+E38+E41+E44+E47 -> 3121100 | F49: =F20+F23+F26+F29+F32+F35+F38+F41+F44+F47 -> 543100 | G49: =G20+G23+G26+G29+G32+G35+G38+G41+G44+G47 -> 3664200 | H49: =H20+H23+H26+H29+H32+H35+H38+H41+H44+H47 -> 0 | I49: =I20+I23+I26+I29+I32+I35+I38+I41+I44+I47 -> 0 | J49: =J20+J23+J26+J29+J32+J35+J38+J41+J44+J47 -> 0 | K49: =K20+K23+K26+K29+K32+K35+K38+K41+K44+K47 -> 0 | L49: =L20+L23+L26+L29+L32+L35+L38+L41+L44+L47 -> 0 | ... P49: =P20+P23+P26+P29+P32+P35+P38+P41+P44+P47 -> 0

Sheet Finanzierungstätigkeit
A1: =Gesamtzusammenstellung!A1 -> Zusammenstellung 2016 - 2019 | E1: Veränderung Finanzierungstätigkeit
A3: Produkt | B3: Zeile | C3: Konto | D3: Bezeichnung | E3: =Gesamtzusammenstellung!B3 -> Veränderung 2016 | H3: =Gesamtzusammenstellung!E3 -> Veränderung 2017 | K3: =Gesamtzusammenstellung!H3 -> Veränderung 2018 | N3: =Gesamtzusammenstellung!K3 -> Veränderung 2019 | Q3: Anmerkung
E4: bisher | F4: Änderung | G4: neu | H4: bisher | I4: Änderung | J4: neu | K4: bisher | L4: Änderung | M4: neu | N4: bisher | O4: Änderung | P4: neu
E5: € | F5: € | G5: € | H5: € | I5: € | J5: € | K5: € | L5: € | M5: € | N5: € | O5: € | P5: €
A6: 160120 | D6: sonstige Finanzwirtschaft | Q6: Zusätzliche Darlehensaufnahme für Mehrkosten Umbau Düsselberger Str. (Zinsfreie Sonderfaszilität)
B7: 33 (GFP) | D7: Aufnahme von Darlehen | E7: 6320000 | F7: 300000 | G7: =SUM(E7:F7) -> 6620000
C8: 692700 | D8: Kredite | E8: 6320000 | F8: 300000 | G8: =SUM(E8:F8) -> 6620000
A13: Summe Einzahlungen Finanzierungstätigkeit | E13: =E7 -> 6320000 | F13: =F7 -> 300000 | G13: =G7 -> 6620000
